 Dungeon Crawl Stone Soup version 0.25.1-2-g60ff931df9 (webtiles) character file.

Game seed: 13363905778371689673

55 DogServant the Ruffian (level 3, -1/31 HPs)
             Began as a Naga Transmuter on Oct 18, 2020.
             Slain by an adder (3 damage)
             ... on level 2 of the Dungeon.
             The game lasted 00:02:08 (1718 turns).

DogServant the Ruffian (Naga Transmuter)            Turns: 1718, Time: 00:02:08

Health: -1/31      AC:  2    Str: 13    XL:     3   Next: 93%
Magic:  6/6        EV: 10    Int: 13    God:
Gold:   127        SH:  0    Dex: 11    Spells: 3/6 levels left

rFire    . . .     SeeInvis +     - Unarmed
rCold    . . .     Gourm    .   (no shield)
rNeg     . . .     Faith    .   b - +0 robe
rPois    +         Spirit   .   (no helmet)
rElec    .         Reflect  .   (no cloak)
rCorr    .         Harm     .   (no gloves)
MR       .....                  (no barding)
Stlth    +.........             (no amulet)
HPRegen  0.10/turn              (no ring)
MPRegen  0.10/turn              (no ring)

@: mighty, lethally poisoned (-1 -> -4), very slow
A: large, see invisible, deformed body, poison resistance, slowness 2, slow
metabolism 1, spit poison 1, AC +1
a: Spit Poison


You were on level 2 of the Dungeon.
You were not hungry.

You visited 1 branch of the dungeon, and saw 2 of its levels.

You collected 127 gold pieces.

Inventory:

Missiles
 a - 18 arrows
 i - a throwing net (quivered)
Armour
 b - a +0 robe (worn)
Scrolls
 h - a scroll of identify {unknown}
 l - a scroll of fear {unknown}
 m - 2 scrolls of remove curse {unknown}
Potions
 f - a potion of degeneration {unknown}
 g - a potion of stabbing {unknown}
 j - a potion of magic {unknown}
 k - 2 potions of curing {unknown}
 o - a potion of berserk rage {unknown}
Comestibles
 d - 6 rations
 n - 2 chunks of flesh


   Skills:
 - Level 1.1 Fighting
 - Level 1.5 Dodging
 + Level 4.4 Unarmed Combat
 - Level 2.0 Spellcasting
 + Level 2.4 Transmutations


You had 3 spell levels left.
You knew the following spells:

 Your Spells              Type           Power        Failure   Level  Hunger
a - Beastly Appendage     Tmut           #.....       10%         1    ##.....
b - Sticks to Snakes      Tmut           #.......     14%         2    ###....

Your spell library contained the following spells:

 Spells                   Type           Power        Failure   Level  Hunger
 Spider Form              Tmut/Pois      #.........   43%         3    ####...
 Ice Form                 Ice/Tmut       #.......     83%         4    #####..
 Blade Hands              Tmut           #.........   95%         5    ######.


Dungeon Overview and Level Annotations

Branches:
Dungeon (2/15)

Altars:


Innate Abilities, Weirdness & Mutations

You cannot wear boots.
Your serpentine skin is tough. (AC +1)
You have supernaturally acute eyesight. (SInv)
Armour fits poorly on your strangely shaped body.
Your system is resistant to poisons. (rPois)
You cover ground very slowly.
You have a slow metabolism.
You can spit poison.


Message History

You closely miss the adder.
The adder is heavily wounded.
You feel sick. The adder bites you.
You're too confused to move!
The adder bites you. x2
You bump into the rock wall.
You feel less invigorated.
You feel less confused.
You have got your breath back.
The adder bites you.
You closely miss the adder.
The adder is heavily wounded.
You feel sick. The adder bites you.
* * * LOW HITPOINT WARNING * * *
You miss the adder.
The adder is heavily wounded.
The adder bites you.
* * * LOW HITPOINT WARNING * * *
It was a potion of might.
You feel very mighty all of a sudden. The adder bites you.
You die...

###########
##.......... ######
#......... .....#
#..#.... .....#
#..#..## .....#
#..#g..# .....#
#..#S#..# .....#
#...@# .#
.....########†...# #
.....##....##.$..#..
.....''....'.........
.....##....####......#
.....##....# ########
.....##....#
.....##...(#
.....##....#


You could see an adder and a hobgoblin.

Vanquished Creatures
  2 adders (D:2)
  An ooze (D:2)
  A leopard gecko (D:1)
  4 bats
  A giant cockroach (D:1)
  2 hobgoblins (D:2)
  6 kobolds
  A ball python (D:2)
  A frilled lizard (D:1)
  4 goblins
  7 rats
30 creatures vanquished.

Notes
Turn   | Place    | Note
-------+----------+-------------------------------------------
     0 | D:1      | DogServant the Naga Transmuter began the quest for the Orb.
     0 | D:1      | Reached XP level 1. HP: 18/18 MP: 3/3
   425 | D:1      | Reached XP level 2. HP: 19/25 MP: 1/5
  1145 | D:2      | Reached skill level 4 in Unarmed Combat
  1145 | D:2      | Reached XP level 3. HP: 27/31 MP: 4/6
  1237 | D:2      | Learned a level 2 spell: Sticks to Snakes
  1718 | D:2      | Slain by an adder

Illustrated notes

Levels and vault maps discovered:
D:1:      wander_arrival_abandoned_jail, layout_loops_ring
D:2:      minmay_razor_zed, layout_basic, lightli_temple_of_fire,
          lemuel_crystal_altar, nicolae_overflow_hidden_temple,
          nicolae_overflow_crystal_walls, first_ration, minmay_tetromino_i2

Skill      XL: |  1  2 |
---------------+-------+-----
Unarmed Combat | 4 |  4.4
Fighting       | |  1.1
Dodging        | |  1.5
Spellcasting   | |  2.0
Transmutations | |  2.4

Action                   || total
-------------------------++-------
Melee: Unarmed           ||   101
       Headbutt          ||    10
       Punch             ||     1
 Cast: Beastly Appendage ||    20
 Abil: Spit Poison       ||     9
  Use: Potion            ||     2
 Stab: Sleeping          ||     1
  Eat: Chunk             ||     2
Armor: Robe              ||    17
Dodge: Dodged            ||    59
